 Dungeon Crawl Stone Soup version 0.30-a0-953-g5f1da4a474 (webtiles) character file.

Game seed: 149213175268759845

163373 FilthyApe the Bludgeoner (level 16, -2/159 HPs)
             Began as a Minotaur Fighter on Mar 28, 2023.
             Was an Initiate of Gozag.
             Slain by an ettin simulacrum (13 damage)
             ... in an ice cave.
             The game lasted 00:57:49 (31106 turns).

FilthyApe the Bludgeoner (Minotaur Fighter)        Turns: 31106, Time: 00:57:49

Health: -2/159     AC: 28    Str: 35    XL:     16   Next: 98%
Magic:  15/15      EV:  9    Int:  5    God:    Gozag
Gold:   665        SH: 15    Dex: 10    Spells: 15/15 levels left

rFire   + . .      SeeInvis +    b - +1 morningstar (flame)
rCold   + . .      Faith    .    c - +2 buckler {rPois}
rNeg    . . .      Spirit   .    A - +12 chain mail of Impob {Will+}
rPois   +          Reflect  +    (helmet restricted)
rElec   .          Rampage  .    T - scarf {rC+ rF+}
rCorr   .                        X - +0 pair of gloves {hurl}
Will    ++...                    (no boots) Stlth
                                 p - amulet of reflection
HPRegen 0.46/turn                o - +6 ring of strength
MPRegen 0.14/turn                j - ring of see invisible

@: gold aura, hasted, very quick
A: horns 2, retaliatory headbutt
}: 1/15 runes: decaying
a: Renounce Religion, Potion Petition, Call Merchant, Bribe Branch


You were in an ice cave.
You worshipped Gozag.
Gozag was pleased with you.
You visited 7 branches of the dungeon, and saw 30 of its levels.
You also visited: Ice Cave.

You collected 9286 gold pieces.
You spent 1563 gold pieces at shops.
You paid 7058 gold pieces to Gozag.

Inventory:

Hand Weapons
 a - the +6 morningstar of the Lumpy Suns {freeze, rF+ Str+3}
   (You bought it in a shop on level 1 of the Snake Pit)

   Str:       It affects your strength (+3).
   rF:        It protects you from fire.
 b - a +1 morningstar of flaming (weapon)
Missiles
 C - 12 javelins
 F - 2 throwing nets (quivered)
Armour
 c - a +2 buckler of poison resistance (worn)
 d - a +0 tower shield
 t - a +1 kite shield of fire resistance
 z - a scarf of repulsion
 A - the +12 chain mail of Impob (worn) {Will+}
   (You found it on level 8 of the Dungeon)

   Will:      It increases your willpower.
 T - a scarf of resistance (worn)
 X - a +0 pair of gloves of hurling (worn)
 Y - a +1 kite shield of positive energy
Jewellery
 j - a ring of see invisible (right hand)
 m - a ring of positive energy
 o - a +6 ring of strength (left hand)
 p - an amulet of reflection (around neck)
 u - the amulet "Delofe" {Spirit rElec Will- Str+6 Stlth+}
   (You found it on level 3 of the Swamp)

   [amulet of guardian spirit]

   It causes incoming damage to be divided between your reserves of health and
   magic.
   Str:       It affects your strength (+6).
   rElec:     It insulates you from electricity.
   Will:      It decreases your willpower.
   Stlth:     It makes you more stealthy.
 E - a ring of protection from fire
 H - a ring of protection from fire
 N - an amulet of guardian spirit
 S - a ring of willpower
 Z - a +4 ring of slaying
Wands
 y - a wand of charming (2)
 D - a wand of flame (9)
 M - a wand of digging (3)
Scrolls
 f - 17 scrolls of identify
 i - 4 scrolls of teleportation
 r - 4 scrolls of vulnerability
 s - 5 scrolls of fog
 x - 5 scrolls of magic mapping
 B - 4 scrolls of enchant weapon
 J - 2 scrolls of butterflies
 K - 2 scrolls of blinking
 L - 2 scrolls of brand weapon
 R - 2 scrolls of fear
 U - 3 scrolls of enchant armour
Potions
 e - 9 potions of curing
 g - 10 potions of flight
 h - 3 potions of haste
 k - 2 potions of invisibility
 l - 4 potions of magic
 n - 7 potions of heal wounds
 q - a potion of cancellation
 v - 3 potions of attraction
 w - 2 potions of lignification
 G - 5 potions of mutation
 I - 3 potions of brilliance
 Q - 2 potions of might
 V - 4 potions of berserk rage
 W - 2 potions of resistance


   Skills:
 + Level 18.4 Fighting
 + Level 19.9 Maces & Flails
 + Level 18.4 Armour
 + Level 18.4 Shields


You had 15 spell levels left.
You didn't know any spells.
Your spell library contained the following spells:

 Spells                   Type           Power      Damage    Failure   Level
 Magic Dart               Conj           0%         1d3       82%         1
 Necrotise                Necr           0%         1d4       82%         1
 Slow                     Hex            0%         N/A       82%         1
 Blink                    Tloc           0%         N/A       91%         2
 Call Imp                 Summ           0%         N/A       91%         2
 Lesser Beckoning         Tloc           0%         N/A       91%         2
 Momentum Strike          Conj/Tloc      0%         3d8       91%         2
 Scorch                   Fire           0%         2d5       91%         2
 Static Discharge         Conj/Air       0%         2-2/arc   91%         2
 Sublimation of Blood     Necr           0%         N/A       91%         2
 Confusing Touch          Hex            0%         N/A       99%         3
 Dazzling Flash           Conj/Hex       0%         N/A       99%         3
 Gell's Gravitas          Tloc           0%         N/A       99%         3
 Inner Flame              Hex/Fire       0%         N/A       99%         3
 Kindle Blastsparks       Fire/Tloc/Air  0%         2d10      99%         3
 Mephitic Cloud           Conj/Pois/Air  0%         N/A       99%         3
 Teleport Other           Tloc           0%         N/A       99%         3
 Vampiric Draining        Necr           0%         2d6       99%         3
 Vhi's Electric Charge    Tloc/Air       0%         N/A       99%         3
 Flame Wave               Conj/Fire      0%         2d4       100%        4
 Fulminant Prism          Conj/Hex       0%         3d5       100%        4
 Iskenderun's Mystic Bla  Conj/Tloc      0%         2d3       100%        4
 Petrify                  Tmut/Erth      0%         N/A       100%        4
 Sticky Flame             Conj/Fire      0%         2d3       100%        4
 Agony                    Necr           0%         N/A       100%        5
 Arcjolt                  Conj/Air       0%         1d10      100%        5
 Irradiate                Conj/Tmut      0%         3d11      100%        5
 Lee's Rapid Deconstruct  Erth           0%         3d4*      100%        5
 Plasma Beam              Fire/Air       0%         2x1d7     100%        5
 Summon Forest            Summ/Tloc      0%         N/A       100%        5
 Conjure Ball Lightning   Conj/Air       0%         3x3d6     100%        6
 Dispersal                Tloc           0%         N/A       100%        6
 Eringya's Noxious Bog    Tmut/Pois      0%         N/A       100%        6
 Starburst                Conj/Fire      0%         6d3       100%        6
 Summon Cactus Giant      Summ           0%         N/A       100%        6
 Haunt                    Necr/Summ      0%         N/A       100%        7
 Summon Hydra             Summ           0%         N/A       100%        7
 Discord                  Hex            0%         N/A       100%        8
 Disjunction              Tloc           0%         N/A       100%        8
 Infestation              Necr           0%         N/A       100%        8
 Animate Dead             Necr           Unusable   N/A       N/A         4

Dungeon Overview and Level Annotations

Branches:
Dungeon (15/15)            Temple (1/1) D:7            Lair (5/5) D:10
  Swamp (4/4) Lair:3        Snake (2/4) Lair:3        Slime (0/5) Lair:5
    Orc (2/2) D:9             Elf (0/3) Orc:2        Vaults (0/5) D:14
 Depths (1/4) D:15          IceCv (1/1)

Altars:
Ashenzari
Cheibriados
Dithmenos
Elyvilon
Fedhas
Gozag
Hepliaklqana
Kikubaaqudgha
Makhleb
Nemelex Xobeh
Okawaru
Qazlal
Ru
Sif Muna
Trog
Uskayaw
Vehumet
Wu Jian
Xom
Yredelemnul
Zin
The Shining One
Jiyva

Shops:
D:5 *   D:10 (=   D:11 [?   D:14 (*[   D:15 [   Orc:2 !!*?   Lair:3 (
Snake:1 (

Portals:
Trove: D:15 (give +4 fire dragon scales)

Annotations:
D:6 3 runed translucent doors, retardedninja's ghost, novice DEAE
D:11 1 runed translucent door, Jackthecabe's ghost, journeyman DgTm
D:15 2 transporters, Tunif's ghost, adept DEFE
Lair:2 2 transporters, Puis's ghost, journeyman DgIE
Lair:5 1 runed translucent door, Newt's ghost, journeyman DsGl
Swamp:1 Roxanne
Swamp:4 3 runed translucent doors, Bai Suzhen; pokeman's ghost, adept DEHW


Innate Abilities, Weirdness & Mutations

You have a pair of horns on your head.
You reflexively headbutt those who attack you in melee.


Message History

The harpy simulacrum is almost destroyed.
The harpy simulacrum barely misses you.
The harpy simulacrum claws you but does no damage.
You thump the harpy simulacrum!
You melt the harpy simulacrum.
The harpy simulacrum vaporises!
You impale the white very ugly thing!! You burn the white very ugly thing!
You kill the white very ugly thing!
The lindwurm simulacrum barely misses you.
You furiously retaliate!
You headbutt the lindwurm simulacrum!
You block the lindwurm simulacrum's attack.
The lindwurm simulacrum claws you. The lindwurm simulacrum freezes you.
You resist.
Unknown command.
Unknown command.
You sock the lindwurm simulacrum!
You melt the lindwurm simulacrum.
The lindwurm simulacrum vaporises!
You hit the ettin simulacrum.
You melt the ettin simulacrum.
You headbutt the ettin simulacrum.
The ettin simulacrum is moderately damaged.
The seven-headed hydra simulacrum barely misses you.
The seven-headed hydra simulacrum bites you!
* * * LOW HITPOINT WARNING * * *
The seven-headed hydra simulacrum freezes you!
You resist.
* * * LOW HITPOINT WARNING * * *
The seven-headed hydra simulacrum bites you but does no damage.
You block the seven-headed hydra simulacrum's attack.
The seven-headed hydra simulacrum bites you but does no damage.
The seven-headed hydra simulacrum bites you.
* * * LOW HITPOINT WARNING * * *
The seven-headed hydra simulacrum freezes you!
You resist.
* * * LOW HITPOINT WARNING * * *
The seven-headed hydra simulacrum bites you but does no damage.
The ettin simulacrum hits you but does no damage.
The ettin simulacrum hits you.
* * * LOW HITPOINT WARNING * * *
The ettin simulacrum freezes you! You resist.
You die...
Your body crumbles into a pile of gold.

#######
##.Z@..##
#..ZZZ..#
#....$....#
#...........#
#...........#
#...........#
#.............#
#....8...8....#
#......(......#


You could see a seven-headed hydra simulacrum, 2 lindwurm simulacra and an ettin
simulacrum.

Vanquished Creatures
  3 fenstrider witches
  Louise (Swamp:3)
  3 ghouls (Swamp:2)
  An ironbound preserver (D:14)
  A very ugly thing (IceCv)
  A stone giant (Depths:1)
  7 eleionomae
  A dire elephant (D:15)
  2 bunyips
  Josephine (Orc:2)
  A fire dragon (Depths:1)
  An ice dragon (Swamp:4)
  A shambling mangrove (Swamp:4)
  A rakshasa (D:14)
  4 ghost crabs
  A boulder beetle (D:14)
  19 hydras
  4 catoblepae
  7 two-headed ogres
  5 alligators
  3 centaur warriors
  An anaconda (Snake:2)
  2 naga warriors (Snake:1)
  14 death yaks (Lair:5)
  A shock serpent (Snake:1)
  3 tengu warriors
  2 naga sharpshooters (Snake:1)
  A spriggan berserker (Depths:1)
  Nergalle (D:11)
  3 goliath frogs
  A death drake (Swamp:4)
  2 skysharks (Lair:5)
  7 spriggan druids
  A naga ritualist (Snake:1)
  10 swamp dragons
  8 bog bodies
  3 deep elf pyromancers
  A sphinx zombie (Depths:1)
  An orc knight (Orc:2)
  A wolf spider (D:15)
  A necromancer (Depths:1)
  6 orc sorcerers (Orc:2)
  2 salamanders (Snake:1)
  16 ugly things
  8 cyclopes
  5 will-o-the-wisps
  4 manticores
  A fire giant zombie (Depths:1)
  14 elephants (Lair:5)
  A frost giant skeleton (Depths:1)
  14 black mambas
  A naga mage (D:15)
  Joseph (D:7)
  8 cane toads
  An unseen horror (shapeshifter) (D:14)
  Maggie (D:10)
  An efreet (D:15)
  2 unseen horrors (D:12)
  4 yaktaurs (D:15)
  12 komodo dragons
  A kobold demonologist (D:14)
  2 tengu conjurers (D:14)
  2 freezing wraiths (D:14)
  2 anaconda simulacra (IceCv)
  A rime drake (Lair:4)
  6 trolls
  A meliai (D:14)
  2 guardian mummies (D:15)
  A polar bear (shapeshifter) (D:15)
  10 hornets
  9 tyrant leeches
  8 slime creatures
  11 blink frogs (Lair:5)
  8 spriggans
  3 wyverns
  3 shadows
  8 wraiths
  33 yaks
  Grum (Lair:1)
  7 basilisks
  A hog (shapeshifter) (D:13)
  4 hogs (D:9)
  A steam dragon (D:6)
  14 vampire mosquitoes
  A human (D:9)
  A harpy simulacrum (IceCv)
  20 swamp worms
  8 wargs (Orc:2)
  15 water moccasins
  An acid dragon (D:11)
  10 nagas
  A floating eye (Depths:1)
  A meliai simulacrum (D:15)
  16 swamp drakes
  16 orc warriors
  A spriggan simulacrum (Depths:1)
  An ice beast (D:7)
  A sky beast (D:7)
  A black bear (shapeshifter) (D:14)
  3 ogres
  18 wolves
  A phantom (D:6)
  2 centaurs
  A kobold brigand (D:7)
  2 necrophages
  12 bullfrogs
  A gnoll sergeant (D:8)
  7 wights
  A lindwurm simulacrum (IceCv)
  5 howler monkeys
  An electric eel (Lair:3)
  2 hounds
  3 jellies
  2 sleepcaps
  8 orc priests
  Jessica (D:2)
  Natasha (thrice) (D:2)
  36 orc wizards
  3 gnolls (D:8)
  7 adders
  A shadow imp (D:6)
  4 white imps
  2 ufetubi (D:5)
  2 worms (D:3)
  2 dart slugs (D:1)
  85 orcs
  5 bats
  9 endoplasms
  4 giant cockroaches
  2 goblins (D:3)
  5 hobgoblins
  A quokka (D:3)
  7 ball pythons
  13 kobolds
  8 rats
736 creatures vanquished.

Vanquished Creatures (others)
  A deep elf pyromancer (D:14)
  3 bloated husks
  An orc wizard (D:9)
  16 foxfires
  18 fungi
  49 plants
88 creatures vanquished.

Grand Total: 824 creatures vanquished

Notes
Turn   | Place    | Note
-------+----------+-------------------------------------------
     0 | D:1      | FilthyApe the Minotaur Fighter began the quest for the Orb.
     0 | D:1      | Reached XP level 1. HP: 19/19 MP: 0/0
   175 | D:1      | Reached skill level 3 in Maces & Flails
   187 | D:1      | Reached XP level 2. HP: 15/26 MP: 1/1
   384 | D:1      | Reached skill level 4 in Maces & Flails
   547 | D:2      | Reached XP level 3. HP: 31/31 MP: 2/2
   701 | D:2      | Noticed Jessica
   706 | D:2      | Killed Jessica
   707 | D:2      | Reached skill level 5 in Maces & Flails
   707 | D:2      | Reached XP level 4. HP: 35/39 MP: 3/3
   764 | D:2      | You fall into a shaft and drop 2 floors!
   797 | D:4      | Found a white marble altar of Elyvilon.
   924 | D:4      | Found a sacrificial altar of Ru.
   998 | D:4      | Identified the staff of conjuration "Iraig" {Int+3}
  1022 | D:2      | Reached skill level 6 in Maces & Flails
  1180 | D:2      | Noticed Natasha
  1191 | D:2      | Killed Natasha
  1192 | D:2      | Reached XP level 5. HP: 9/45 MP: 4/4
  1366 | D:2      | Noticed Natasha
  1374 | D:2      | Killed Natasha
  1541 | D:2      | Noticed Natasha
  1549 | D:2      | Killed Natasha
  1754 | D:3      | Reached skill level 7 in Maces & Flails
  2288 | D:3      | Found a faded altar of an unknown god.
  2475 | D:4      | Reached XP level 6. HP: 29/51 MP: 5/5
  2631 | D:4      | Found a hide-covered altar of Uskayaw.
  2941 | D:4      | Found an ancient bone altar of Kikubaaqudgha.
  2999 | D:5      | Entered Level 5 of the Dungeon
  3072 | D:5      | Found a radiant altar of Vehumet.
  3129 | D:5      | Reached skill level 8 in Maces & Flails
  3206 | D:5      | Noticed a water moccasin
  3219 | D:5      | Killed a water moccasin
  3333 | D:5      | Reached skill level 9 in Maces & Flails
  3445 | D:5      | Found Enilo's Neck Hole.
  3479 | D:5      | Reached XP level 7. HP: 57/58 MP: 6/6
  3820 | D:6      | Noticed retardedninja's ghost (novice DEAE)
  3822 | D:6      | Found a runed translucent gate.
  3822 | D:6      | Found a runed translucent gate.
  3822 | D:6      | Found a runed translucent gate.
  3823 | D:6      | Noticed a wraith
  4213 | D:6      | Reached skill level 5 in Fighting
  4213 | D:6      | Reached skill level 5 in Armour
  4213 | D:6      | Reached skill level 5 in Shields
  4213 | D:6      | Reached XP level 8. HP: 56/68 MP: 7/7
  4406 | D:6      | Found a snail-covered altar of Cheibriados.
  4424 | D:6      | Reached skill level 10 in Maces & Flails
  4866 | D:6      | Identified the +1 ring mail of Going Fast {Harm rCorr Dex-3
                  | Stlth+}
  5420 | D:7      | Noticed Joseph
  5440 | D:7      | Killed Joseph
  5526 | D:7      | Found a staircase to the Ecumenical Temple.
  5561 | Temple   | Entered the Ecumenical Temple
  5656 | Temple   | Became a worshipper of Gozag Ym Sagoz the Greedy
  5896 | D:7      | Reached XP level 9. HP: 78/78 MP: 8/8
  6211 | D:7      | Found a glowing golden altar of the Shining One.
  6396 | D:8      | Identified the +12 chain mail of Impob {Will+}
  6540 | D:8      | Reached skill level 11 in Maces & Flails
  6599 | D:8      | Found an iron altar of Okawaru.
  6600 | D:8      | Found a hazy altar of Hepliaklqana.
  6875 | D:9      | Found a broken altar of Ashenzari.
  6918 | D:9      | Found a staircase to the Orcish Mines.
  7184 | D:9      | Found a shimmering blue altar of Sif Muna.
  7418 | D:9      | Reached XP level 10. HP: 79/90 MP: 9/9
  7663 | D:10     | Entered Level 10 of the Dungeon
  7685 | D:10     | Reached skill level 12 in Maces & Flails
  8013 | D:10     | Noticed Maggie
  8019 | D:10     | Killed Maggie
  8157 | D:10     | Noticed a two-headed ogre
  8165 | D:10     | Killed a two-headed ogre
  8221 | D:10     | Found a shadowy altar of Dithmenos.
  8412 | D:10     | Reached skill level 10 in Fighting
  8412 | D:10     | Reached XP level 11. HP: 75/99 MP: 10/10
  8503 | D:10     | Found a staircase to the Lair.
  8511 | D:10     | Reached skill level 10 in Armour
  8511 | D:10     | Reached skill level 10 in Shields
  8767 | Lair:1   | Entered Level 1 of the Lair of Beasts
  8991 | Lair:1   | Reached skill level 13 in Maces & Flails
  9211 | Lair:1   | Noticed Grum
  9224 | Lair:1   | Killed Grum
 10060 | Lair:2   | Found a transporter.
 10061 | Lair:2   | Noticed a catoblepas
 10063 | Lair:2   | Noticed Puis's ghost (journeyman DgIE)
 10520 | Lair:2   | Found a transporter.
 11481 | Lair:3   | Identified the +0 chain mail "Syeblame" {+Blink rPois
                  | Will+}
 11614 | Lair:3   | Found an ornate altar of the Wu Jian Council.
 11624 | Lair:3   | Found a staircase to the Snake Pit.
 12032 | Lair:3   | Identified the +1 robe "Aton" {rN+ Dex+3 Archmagi}
 12045 | Lair:3   | Noticed a bog body
 12052 | Lair:3   | Killed a bog body
 12053 | Lair:3   | Reached skill level 14 in Maces & Flails
 12276 | Lair:3   | Found a staircase to the Swamp.
 12284 | Lair:3   | Reached XP level 12. HP: 92/110 MP: 11/11
 13402 | Lair:5   | Entered Level 5 of the Lair of Beasts
 13435 | Lair:5   | Noticed a five-headed hydra
 13725 | Lair:5   | Reached skill level 15 in Maces & Flails
 14361 | Lair:5   | Noticed a catoblepas
 14370 | Lair:5   | Killed a catoblepas
 14371 | Lair:5   | Reached XP level 13. HP: 122/122 MP: 12/12
 15127 | Lair:5   | Found a runed translucent door.
 15130 | Lair:5   | Noticed Newt's ghost (journeyman DsGl)
 15372 | Lair:5   | Reached skill level 16 in Maces & Flails
 15459 | Lair:5   | Found a staircase to the Slime Pits.
 15462 | Lair:5   | Found a viscous altar of Jiyva.
 16074 | Lair:5   | Identified the +0 ring mail "Seummipn" {Int+6}
 16332 | Orc:1    | Entered Level 1 of the Orcish Mines
 16471 | Orc:2    | Entered Level 2 of the Orcish Mines
 16559 | Orc:2    | Found a staircase to the Elven Halls.
 16686 | Orc:2    | Reached XP level 14. HP: 133/133 MP: 13/13
 16703 | Orc:2    | Noticed Josephine
 16715 | Orc:2    | Killed Josephine
 16783 | Orc:2    | Found Seuntyece's General Store.
 16795 | Orc:2    | Found Sevuenk's Magic Scroll Shoppe.
 16845 | Orc:2    | Bought a scroll of blinking for 90 gold pieces
 16845 | Orc:2    | Bought a scroll of magic mapping for 90 gold pieces
 16845 | Orc:2    | Bought a scroll of enchant armour for 90 gold pieces
 17039 | Orc:2    | Found Reak's Distillery.
 17075 | Orc:2    | Found Bomudo's Distillery.
 17105 | Orc:2    | Bought 2 potions of berserk rage for 120 gold pieces
 17105 | Orc:2    | Bought a potion of resistance for 120 gold pieces
 17105 | Orc:2    | Bought a potion of curing for 36 gold pieces
 17105 | Orc:2    | Bought a potion of heal wounds for 60 gold pieces
 17105 | Orc:2    | Bought a potion of curing for 36 gold pieces
 17118 | Orc:2    | Bought a potion of berserk rage for 70 gold pieces
 18057 | D:11     | Found Kassul's Magic Scroll Boutique.
 18087 | D:11     | Noticed Nergalle
 18096 | D:11     | Killed Nergalle
 18097 | D:11     | Reached skill level 15 in Fighting
 18146 | D:11     | Noticed Jackthecabe's ghost (journeyman DgTm)
 18169 | D:11     | Found a runed translucent door.
 18321 | D:11     | Reached skill level 15 in Armour
 18321 | D:11     | Reached skill level 15 in Shields
 18709 | D:12     | Reached skill level 17 in Maces & Flails
 18726 | D:12     | Identified the +4 short sword "Kyadwiu" {venom, Dex+2}
 19657 | D:13     | Identified the +1 robe of Light {rPois rN+ Str+5 Int-3}
 19900 | D:14     | Found a gate to the Vaults.
 19900 | D:14     | Noticed an ironbound preserver
 19917 | D:14     | Killed an ironbound preserver
 20118 | D:14     | Found Yptia's Armour Shop.
 20139 | D:14     | Found Awuz Ges's Antique Weapon Shop.
 20494 | D:14     | Found Jioceoc's Assorted Antiques.
 20502 | D:14     | Bought a potion of heal wounds for 140 gold pieces
 20618 | D:14     | Reached XP level 15. HP: 98/143 MP: 14/14
 20915 | D:14     | Bought a +0 tower shield for 45 gold pieces
 20970 | D:15     | Entered Level 15 of the Dungeon
 21347 | D:15     | Found a hazy altar of Hepliaklqana.
 21391 | D:15     | Noticed Tunif's ghost (adept DEFE)
 21413 | D:15     | Found a transporter.
 21423 | D:15     | Found a transporter.
 21447 | D:15     | Found a portal to a secret trove of treasure.
 21746 | D:15     | Reached skill level 18 in Maces & Flails
 21830 | D:15     | Found a staircase to the Depths.
 22008 | D:15     | Identified the +11 plate armour "Amenijir" {*Slow rElec
                  | Will+ MP+9}
 22166 | Depths:1 | Entered Level 1 of the Depths
 23009 | D:15     | Bought a +2 buckler of poison resistance for 351 gold
                  | pieces
 23224 | Swamp:1  | Entered Level 1 of the Swamp
 23292 | Swamp:1  | HP: 5/145 [alligator (20)]
 23611 | Swamp:1  | Noticed Roxanne
 23670 | Swamp:1  | Found a sparkling altar of Nemelex Xobeh.
 24640 | Swamp:2  | You fall into a shaft and drop 1 floor!
 25506 | Swamp:2  | Reached XP level 16. HP: 95/155 MP: 15/15
 26445 | Swamp:3  | Reached skill level 19 in Maces & Flails
 26772 | Swamp:3  | Identified the amulet "Delofe" {Spirit rElec Will- Str+6
                  | Stlth+}
 27057 | Swamp:3  | Noticed Louise
 27093 | Swamp:3  | Killed Louise
 27472 | Swamp:4  | Entered Level 4 of the Swamp
 28475 | Swamp:4  | Got a decaying rune of Zot
 28696 | Swamp:4  | Found a runed translucent gate.
 28697 | Swamp:4  | Found a runed translucent gate.
 28697 | Swamp:4  | Noticed a tentacled monstrosity
 28698 | Swamp:4  | Found a runed translucent gate.
 28698 | Swamp:4  | Noticed pokeman's ghost (adept DEHW)
 28699 | Swamp:4  | Noticed Bai Suzhen
 29969 | Snake:1  | Entered Level 1 of the Snake Pit
 29982 | Snake:1  | Bought a shimmering morningstar for 315 gold pieces
 29982 | Snake:1  | Identified the +6 morningstar of the Lumpy Suns {freeze,
                  | rF+ Str+3} (You bought it in a shop on level 1 of the Snake
                  | Pit)
 31072 | Snake:2  | Found a frozen archway.
 31082 | IceCv    | Entered an ice cave
 31106 | IceCv    | Slain by an ettin simulacrum

Illustrated notes

Levels and vault maps discovered:
D:1:      minmay_arrival_glassed_features, layout_rooms
D:2:      layout_loops_ring, minmay_tetromino_s2, uniq_jessica, uniq_natasha
D:3:      layout_basic, basic_ecumenical_altar
D:4:      layout_basic, elyvilon_altar_5, nicolae_overflow_hidden_temple,
          lemuel_round_altar, nicolae_ru_awakened_eye
D:5:      layout_basic, vehumet_altar_wand_db, nicolae_shop_sticking_my_neck_out
D:6:      layout_layer_cave, cheibriados_altar_1, gammafunk_ghost_split
D:7:      layout_basic, tso_altar, temple_fountains,
          chequers_serial_rivers_small_3, uniq_joseph
D:8:      layout_rooms, gammafunk_temple_overflow_pools, serial_rivers,
          chequers_serial_rivers_micro_d, chequers_serial_rivers_large_b,
          chequers_serial_rivers_marsh, chequers_serial_rivers_micro_a
D:9:      layout_roguey, tgw_sif, general_overflow_altar, david_orc_5,
          grunt_livestock
D:10:     layout_loops_ring, nicolae_dithmenos_the_darkroom, erik_lair_dragon,
          amcnicky_mini_rare_corridor_liquid,
          hangedman_abyss_or_decor_lesser_grid, uniq_maggie
D:11:     layout_roguey [special_room_orc], serial_shops, shop,
          hellmonk_ghost_big_iron, uniq_nergalle
D:12:     layout_cave_pools, minmay_misc_feat_iff
D:13:     layout_cave_pools
D:14:     layout_cave_pools, skrybe_vaults_entry_preservation,
          serial_park_gazebo [serial_park_minivault_5x5_8], serial_shops,
          nicolae_shop_statue_plus, nicolae_shop_overgrown_old_shop, shop,
          minmay_alternating_orb
D:15:     hangedman_depths_entry_try_elsewhere_first, layout_cave_pools,
          nicolae_hepliaklqana_hazy_memory, gammafunk_ghost_hive,
          nicolae_trove_entry_path_of_doom, chequers_serial_rivers_micro_d,
          fungi_pond_lemuel, minmay_variable_closet, chequers_arboretum
Temple:   compressed_dpeg_circular_temple
Lair:1:   layout_cave_pods, uniq_grum
Lair:2:   layout_layer_cave, gammafunk_ghost_berserking_beasts,
          grunt_megastairs_5
Lair:3:   layout_regular_city, nicolae_swamp_entry_splash_gauntlet,
          minmay_snake_entry_guardpost_small, basic_altar, beast_lair_carwin_3
Lair:4:   layout_cave_pods
Lair:5:   evilmike_catoblepas_cave, layout_cave_pods, dpeg_slime_entry_corner,
          ebering_ghost_reflecting_pool
Swamp:1:  layout_basic_swamp, nicolae_swamp_feature_on_the_river_bank,
          uniq_roxanne
Swamp:2:  layout_basic_swamp, evilmike_swamp_ruin_house_5
Swamp:3:  layout_basic_swamp, serial_swamp_ruin, evilmike_swamp_ruin_wall,
          evilmike_swamp_ruin_rubble_2, evilmike_swamp_ruin_house_3,
          infiniplex_staircase_pool, uniq_louise
Swamp:4:  swamp, layout_basic_swamp, gammafunk_ghost_split, swamp_pool1,
          uniq_bai_suzhen
Snake:1:  layout_gridlike, serial_corexii_hall, corexii_hall_statues_l,
          corexii_hall_statues_x, chequers_hall_statues_corner_a
Snake:2:  layout_onion, portal_ice_cave_entry_pillars_2, serial_bayou_shore_a
Orc:1:    layout_caves
Orc:2:    st_orc_town, layout_diamond_mine, uniq_josephine
Depths:1: layout_gridlike, minmay_misc_feat_four_crosses,
          hangedman_coc_ice_floe, nrook_mini_vaults, library_closet,
          minivault_22, chequers_serial_rivers_micro_d,
          okawaru_altar_gauntlet_db
IceCv:    ice_cave_statue_garden_transporter

Skill      XL: |  1  2  3  4  5  6  7  8  9 10 11 12 13 14 15 16 |
---------------+-------------------------------------------------+-----
Maces & Flails | 3 4 5 6 7 9 10 11 12 14 15 16 17 18 19 | 19.9
Fighting       | 5 6 8 10 11 13 14 15 17 18 | 18.4
Armour         | 5 6 8 9 11 13 14 15 17 18 | 18.4
Shields        | 5 6 8 9 11 13 14 15 17 18 | 18.4

Action                     |  1- 3 |  4- 6 |  7- 9 | 10-12 | 13-15 | 16-18 || total
---------------------------+-------+-------+-------+-------+-------+-------++-------
  Melee: Flail             |    54 |    60 |       |       |       |       ||   114
         Headbutt          |    11 |    14 |    30 |   108 |   269 |   122 ||   554
         Morningstar       |       |    72 |   213 |   472 |  1135 |   476 ||  2368
 Invoke: Call Merchant     |       |       |       |     2 |     3 |     1 ||     6
  Evoke: Wand              |       |       |       |       |     1 |       ||     1
    Use: Scroll            |       |     7 |     1 |    16 |     5 |     8 ||    37
         Potion            |       |     1 |       |       |     3 |     4 ||     8
   Stab: Distracted        |       |       |       |       |     7 |     2 ||     9
 Armour: Scale mail        |    24 |    42 |    22 |       |       |       ||    88
         Chain mail        |       |       |    31 |   222 |   411 |   283 ||   947
  Dodge: Dodged            |    20 |    50 |    57 |   119 |   239 |   143 ||   628
         Repelled          |       |       |     1 |     4 |     2 |       ||     7
  Block: Buckler           |    14 |    33 |   102 |   251 |   491 |   339 ||  1230
         Reflection        |       |       |     8 |     3 |    18 |    19 ||    48
         Kite shield       |       |       |       |       |    55 |       ||    55
         Tower shield      |       |       |       |       |   187 |       ||   187

Table legend: (Time is in decaauts)
 A = Elapsed time spent in this place.
 B = Non-inter-level travel time spent in this place.
 C = Inter-level travel time spent in this place.
 D = Time resting spent in this place.
 E = Time spent auto-exploring this place.
 F = Levels seen in this place.
 G = Mean time per level.
                   A        B        C        D        E       F      G
               +--------+--------+--------+--------+--------+-----+--------+
         Total |  30972 |  29701 |   1271 |   3131 |  21806 |  31 |  999.1 |
       Dungeon |  13762 |  13028 |    734 |    966 |  10032 |  15 |  917.5 |
        Temple |    104 |     76 |     28 |      0 |     65 |   1 |  104.0 |
          Lair |   7769 |   7460 |    309 |    546 |   5865 |   5 | 1553.8 |
         Swamp |   6493 |   6380 |    113 |   1603 |   3622 |   4 | 1623.2 |
     Snake Pit |   1095 |   1062 |     33 |      0 |    962 |   2 |  547.5 |
  Orcish Mines |   1085 |   1047 |     38 |      0 |    773 |   2 |  542.5 |
        Depths |    647 |    635 |     12 |     16 |    486 |   1 |  647.0 |
      Ice Cave |     14 |     14 |      0 |      0 |      0 |   1 |   14.0 |
               +--------+--------+--------+--------+--------+-----+--------+

Top non-repeatable levels by time:
  Lair:5: 2679 daAuts
 Swamp:3: 2582 daAuts
  Lair:3: 1607 daAuts
     D:6: 1556 daAuts
 Swamp:4: 1524 daAuts
    D:10: 1417 daAuts
  Lair:2: 1408 daAuts
 Swamp:2: 1294 daAuts
    D:14: 1190 daAuts
  Lair:1: 1108 daAuts
    D:15: 1101 daAuts
 Swamp:1: 1091 daAuts
 Snake:1: 1069 daAuts
     D:2: 1050 daAuts
  Lair:4: 965 daAuts
